 Dungeon Crawl Stone Soup version 0.19.5 (webtiles) character file.

53 Firecrotchwizard the Cudgeler (level 3, -1/22 HPs)
             Began as a Gargoyle Gladiator on Apr 23, 2017.
             Slain by an iguana (9 damage)
             ... on level 3 of the Dungeon.
             The game lasted 00:02:53 (1884 turns).

Firecrotchwizard the Cudgeler (Gargoyle Gladiator)  Turns: 1884, Time: 00:02:54

Health: -1/22      AC:  7    Str: 18    XL:     3   Next: 89%
Magic:  3/3        EV: 12    Int:  8    God:
Gold:   78         SH:  5    Dex: 11    Spells: 0 memorised, 2 levels left

rFire  . . .     SeeInvis .     a - +0 flail
rCold  . . .     Gourm    .     b - +0 leather armour
rNeg   + + .     Faith    .     (no shield)
rPois  ∞         Spirit   .     c - +0 helmet
rElec  +         Reflect  +     (no cloak)
rCorr  .         Harm     .     (no gloves)
MR     .....                    (no boots)
Stlth  +.........               n - +5 amulet of reflection
                                (no ring)
                                j - ring of positive energy {rN+}

@: no status effects
A: negative energy resistance 1, electricity resistance, unbreathing,
petrification resistance, rot immunity, AC +3
a: no special abilities


You were on level 3 of the Dungeon.
You were not hungry.

You visited 1 branch of the dungeon, and saw 3 of its levels.

You collected 78 gold pieces.

Inventory:

Hand Weapons
 a - a +0 flail (weapon)
Missiles
 d - 3 throwing nets {=f, !d}
 r - 6 curare-tipped needles
Armour
 b - a +0 leather armour (worn)
 c - a +0 helmet (worn)
Jewellery
 j - a ring of positive energy (left hand) {rN+}
   (You found it on level 1 of the Dungeon)
 n - a +5 amulet of reflection (around neck)
   (You found it on level 2 of the Dungeon)
 o - an uncursed amulet of magic regeneration {unknown}
   (You found it on level 2 of the Dungeon)
Scrolls
 e - 4 scrolls of identify {unknown}
 h - 2 scrolls of blinking {unknown}
 l - a scroll of teleportation {unknown}
 p - a scroll of remove curse {unknown}
 t - a scroll of random uselessness {unknown}
 u - 3 scrolls of immolation {unknown}
Potions
 i - a potion of beneficial mutation {unknown}
 k - a potion of might {unknown}
 m - a potion of curing {unknown}
 s - a potion of berserk rage {unknown}
Comestibles
 f - 3 bread rations {@e1}
 g - 4 chunks of flesh {@w0}
 q - a meat ration {@e2}


   Skills:
 + Level 2.7 Fighting
 * Level 4.0 Maces & Flails
 - Level 1.8 Throwing
 + Level 1.0 Armour
 + Level 2.6 Dodging


You had 2 spell levels left.
You didn't know any spells.

Dungeon Overview and Level Annotations

Branches:
Dungeon (3/15)

Altars:
Ru


Innate Abilities, Weirdness & Mutations

You are resistant to torment.
Your stone body is resilient. (AC +3)
You are immune to poison.
You resist negative energy. (rN+)
You are resistant to electric shocks. (rElec)
You can survive without breathing.
You are immune to petrification.
You are immune to rotting.


Message History

You sock the rat!
You kill the rat!
The jackal misses you.
The jackal barks!
You sock the jackal!
You kill the jackal!
Your Armour skill increases to level 1!
You closely miss the jackal. The jackal bites you.
The jackal pauses to sniff the ground.
You take 1 damage, and have 21/22 hp.
You barely miss the jackal. The jackal closely misses you.
You barely miss the jackal. The jackal barely misses you. The jackal bites you.
The jackal closely misses you.
All of the chunks of flesh in your inventory have rotted away.
You take 1 damage, and have 20/22 hp.
You barely miss the jackal.
The jackal bites you but does no damage.
The jackal barely misses you.
You hit the jackal.
You kill the jackal!
You block the jackal's attack. The jackal barely misses you.
You hit the jackal. You block the jackal's attack. The jackal bites you.
You take 1 damage, and have 19/22 hp.
You hit the jackal.
You kill the jackal!
No target in view!
You butcher the jackal corpse.
g - 3 chunks of flesh {@w0} You butcher the jackal corpse.
g - 4 chunks of flesh {@w0} (gained 1)
You butcher the rat corpse.
g - 5 chunks of flesh {@w0} (gained 1)
You now have 72 gold pieces (gained 12).
You open the door.
Found a sacrificial altar of Ru.
Health restored: 22 A giant cockroach comes into view.
The giant cockroach barely misses you.
You sock the giant cockroach!
You kill the giant cockroach!
Your Maces & Flails skill increases to level 4!
No target in view!
A rat comes into view.
The rat barely misses you.
You hit the rat.
You kill the rat!
No target in view!
You butcher the rat corpse.
g - 6 chunks of flesh {@w0} (gained 1)
You see here a rat skeleton. x2
Eating one of 6 chunks of flesh {@w0}.
You start eating one of the 6 chunks of flesh {@w0}.
You are feeling hungry.
A dart slug comes into view.
The dart slug launches a dart at you.
The slug dart reflects off an invisible shield around you!
The slug dart hits the dart slug.
You sock the dart slug!
You kill the dart slug!
No target in view!
You butcher the dart slug corpse.
g - 7 chunks of flesh {@w0} (gained 2) Some of the chunks of flesh in your inventory have rotted away.
Done exploring.
Done exploring.
(D) Dungeon
Where to? (Enter - D:2, ? - help)
There is a stone staircase leading down here.
You climb downwards.
A rat comes into view.
There is a stone staircase leading up here.
The rat bites you.
You take 1 damage, and have 21/22 hp.
You hit the rat but do no damage.
The rat twitches its whiskers.
The rat barely misses you.
You closely miss the rat. The rat barely misses you.
You closely miss the rat. The rat closely misses you.
You hit the rat.
You kill the rat!
No target in view!
You now have 78 gold pieces (gained 6).
You butcher the rat corpse.
g - 4 chunks of flesh {@w0} (gained 1)
You see here a rat skeleton. x2
u - 3 scrolls labeled YNTOHA EZAD Health restored: 22 An iguana comes into view.
The iguana hisses angrily.
Found a scroll labeled XOAGUE ASOTSE.
Found a stone staircase leading up.
You sock the iguana! The iguana bites you. You block the iguana's attack.
You take 6 damage, and have 16/22 hp.
MASSIVE DAMAGE!!
You completely miss the iguana.
The iguana bites you but does no damage.
You closely miss the iguana. The iguana bites you!
You take 8 damage, and have 8/22 hp.
MASSIVE DAMAGE!!
You barely miss the iguana. The iguana bites you!
You die...

########### #.........#
### #.#######.# ##.##
#.# #.# ##.#.## #.# #.#
##.###.###.#######.#
#.## ##..........÷..
######.###.###########..
........@#.## #<.
.#######l.# #.. #...#
#.. #...# #.. #.?.# ##.
....< #. ....... .
....... .


You could see an iguana.

Vanquished Creatures
  An adder (D:2)
  An ooze (D:1)
  3 dart slugs
  4 leopard geckos
  A ball python (D:1)
  A bat (D:1)
  A giant cockroach (D:2)
  3 goblins (D:1)
  A hobgoblin (D:1)
  4 jackals (D:2)
  A frilled lizard (D:2)
  A kobold (D:1)
  9 rats
31 creatures vanquished.

Notes
Turn   | Place    | Note
-------+----------+-------------------------------------------
     0 | D:1      | Firecrotchwizard the Gargoyle Gladiator began the quest for the Orb.
     0 | D:1      | Reached XP level 1. HP: 12/12 MP: 1/1
   295 | D:1      | Reached XP level 2. HP: 18/18 MP: 2/2
   713 | D:1      | Reached XP level 3. HP: 22/22 MP: 3/3
  1509 | D:2      | Reached skill level 1 in Armour
  1638 | D:2      | Found a sacrificial altar of Ru.
  1656 | D:2      | Reached skill level 4 in Maces & Flails
  1884 | D:3      | Slain by an iguana

Skill      XL: |  1  2  3 |
---------------+----------+-----
Armour         | 1 |  1.0
Maces & Flails | 4 |  4.0
Fighting       | |  2.7
Throwing       | |  1.8
Dodging        | |  2.6

Action                   || total
-------------------------++-------
Melee: Flail             ||    91
  Eat: Chunk             ||     3
Armor: Leather armour    ||    23
Dodge: Dodged            ||    59
Block: Other             ||     9
       Reflection        ||     1

Vault maps used:
D:1:      saegor_arrival_simple_f, minmay_pentomino_z4
D:2:      nicolae_ru_the_path_less_chosen
D:3:      uniq_grinder

Table legend:
 A = Turns spent in this place as a percentage of turns spent in the entire game.
 B = Non-inter-level travel turns spent in this place as a percentage of non-inter-level travel turns spent in the entire game.
 C = Inter-level travel turns spent in this place as a percentage of turns spent in this place.
 D = Turns resting spent in this place as a percentage of non-inter-level travel turns spent in this place.
 E = Turns spent auto-exploring this place as a percentage of non-inter-level travel turns spent in this place.
 F = Non-inter-level travel turns spent in this place divided by the number of levels of this place that you've seen.
                   A       B       C       D       E      F
               +-------+-------+-------+-------+-------+----------------------
         Total | 100.0 | 100.0 |   0.8 |   1.6 |  22.4 |  84.7
       Dungeon | 100.0 | 100.0 |   0.8 |   1.6 |  22.4 |  84.7
               +-------+-------+-------+-------+-------+----------------------

Table legend:
 A = Kills in this place as a percentage of kills in entire the game.
 B = Kills by you in this place as a percentage of kills by you in the entire game.
 C = Kills by friends in this place as a percentage of kills by friends in the entire game.
 D = Other kills in this place as a percentage of other kills in the entire game.
 E = Experience gained in this place as a percentage of experience gained in the entire game.
 F = Experience gained in this place divided by the number of levels of this place that you have seen.
                   A       B       C       D       E      F
               +-------+-------+-------+-------+-------+----------------------
         Total | 100.0 | 100.0 |  -nan |  -nan | 100.0 |  25.7
       Dungeon | 100.0 | 100.0 |  -nan |  -nan | 100.0 |  25.7
               +-------+-------+-------+-------+-------+----------------------
